AoeStats
← Random

African Clearing

504559200Analyzed
4v4 RM · 27d ago on Sep 5, 2026· 32m 26s· 8 players
Game mode
Random Map
Map size
Large (8 player)
Population
200
Speed
Normal
Resources
Standard
Victory
Conquest
Starting age
Dark Age
Ending age
Imperial Age
RankedLock teamsTeams togetherTeam positionsShared explorationLock speedFull tech treeHidden civsTurbo modeCheats
Victory
Defeat
🇬🇧 Tatars · United Kingdom
1640
+16
🇨🇳 Slavs · China
1639
+16
🇩🇪 Sicilians · Germany
1607
+17
🇺🇸 Khitans · United States
1563
+19
🇹🇼 Celts · Taiwan
1684
-19
🇹🇼 Ethiopians · Taiwan
1639
-17
🇭🇰 Maya · Hong Kong SAR China
1604
-16
🇹🇼 Bulgarians · Taiwan
1600
-16
Random
6:02 Loom
12:42 Feudal Age
13:08 Double-Bit Axe
17:03 Domestication
18:33 Forging
21:48 Castle Age
21:11 Scale Barding Armor
22:32 Husbandry
23:04 Chain Barding Armor
Bz_青红
6:43 Loom
13:03 Feudal Age
17:56 Castle Age
27:54 Town Watch
27:57 Double-Bit Axe
28:24 Horse Collar
30:32 Bow Saw
32:34 Wheelbarrow
Torpedo
5:47 Loom
15:36 Feudal Age
19:29 Castle Age
17:42 Fletching
17:52 Padded Archer Armor
17:39 Double-Bit Axe
18:21 Double-Bit Axe
20:05 Bodkin Arrow
20:20 Bow Saw
23:24 Wheelbarrow
26:24 Town Watch
27:27 Bloodlines
27:38 Ballistics
28:20 Horse Collar
28:34 Gold Mining
29:35 Horse Collar
31:42 Leather Archer Armor
32:28 Husbandry
Schmandl
5:13 Loom
12:21 Feudal Age
18:40 Double-Bit Axe
21:26 Horse Collar
28:59 Castle Age
DDDDD
11:11 Loom
13:23 Feudal Age
13:58 Double-Bit Axe
15:05 Scale Barding Armor
15:36 Forging
15:54 Fishing Lines
18:20 Wheelbarrow
23:34 Fletching
Andy
12:49 Feudal Age
11:05 Loom
16:52 Castle Age
15:24 Double-Bit Axe
20:49 Fletching
24:24 Bodkin Arrow
27:17 Ballistics
27:01 Padded Archer Armor
tokey354
6:12 Loom
24:43 Feudal Age
25:48 Double-Bit Axe
31:25 Castle Age
羅鈸棒
6:15 Loom
13:02 Feudal Age
17:02 Double-Bit Axe
20:05 Fletching
26:03 Castle Age
26:30 Town Watch
27:48 Bow Saw
27:36 Horse Collar
Connection lost

Rejoining the realm…

Still unreachable

The connection could not be restored.

Session expired

The server has moved on; the page needs a fresh start.